 Dungeon Crawl Stone Soup version 0.29.1-13-g9f3cf754e1 (webtiles) character file.

Game seed: 4996458925740775076

75 KittyFluff the Trooper (level 4, 0/29 HPs)
             Began as a Gargoyle Berserker on Feb 5, 2023.
             Was a Believer of Trog.
             Slain by Natasha (8 damage)
             ... on level 3 of the Dungeon.
             The game lasted 00:09:53 (2837 turns).

KittyFluff the Trooper (Gargoyle Berserker)         Turns: 2837, Time: 00:09:54

Health: 0/29       AC:  8    Str: 20    XL:     4   Next: 31%
Magic:  4/4        EV: 11    Int:  8    God:    Trog [**....]
Gold:   79         SH:  0    Dex: 11    Spells: 3/3 levels left

rFire   . . .      SeeInvis +   a - +0 mace
rCold   . . .      Faith    .   (no shield)
rNeg    + . .      Spirit   .   d - +0 leather armour
rPois   ∞          Reflect  .   (no helmet)
rElec   +          Harm     .   (no cloak)
rCorr   .          Rampage  .   l - +0 pair of gloves
Will    .....                   (no boots)
Stlth   +.........              (no amulet)
HPRegen 0.09/turn               s - ring of flight
MPRegen 0.09/turn               f - ring of see invisible

@: flying, slowed, very slow
A: sickness immunity, AC +3, negative energy resistance 1, electricity
resistance, torment resistance 1, petrification resistance
a: Renounce Religion, Berserk, Trog's Hand


You were on level 3 of the Dungeon.
You worshipped Trog.
Trog was pleased with you.
You visited 1 branch of the dungeon, and saw 3 of its levels.

You collected 79 gold pieces.

Inventory:

Hand Weapons
 a - a +0 mace (weapon)
 k - a +0 sling
 n - a +0 spectral quarterstaff
Missiles
 b - 29 stones (quivered)
Armour
 c - a +0 scale mail
 d - a +0 leather armour (worn)
 l - a +0 pair of gloves (worn)
 o - a +0 ring mail
Jewellery
 f - a ring of see invisible (right hand)
 i - a ring of protection from cold
 q - a ring of fire
 s - a ring of flight (left hand)
Scrolls
 g - a scroll of immolation {unknown}
 j - a scroll of teleportation {unknown}
 m - a scroll of enchant armour {unknown}
 t - a scroll of vulnerability {unknown}
 u - a scroll of brand weapon {unknown}
Potions
 e - a potion of degeneration
 h - a potion of invisibility
 p - a potion of lignification
 r - a potion of cancellation


   Skills:
 + Level 3.7 Fighting
 + Level 3.7 Maces & Flails
 * Level 3.3 Armour
 + Level 1.9 Dodging
 + Level 0.2 Stealth


You had 3 spell levels left.
You didn't know any spells.
Your spell library was empty.

Dungeon Overview and Level Annotations

Branches:
Dungeon (3/15)

Altars:

Shops:
D:2 *

Annotations:
D:3 Natasha


Innate Abilities, Weirdness & Mutations

You are immune to sickness and miasma.
Your stone body is resilient. (AC +3)
You are immune to poison.
You resist negative energy. (rN+)
You are resistant to electric shocks. (rElec)
You are resistant to unholy torment.
You are immune to petrification.


Message History

Natasha is moderately wounded.
Natasha casts a spell at you. The magic dart hits you.
Natasha claws you but does no damage.
You barely miss Natasha.
Natasha is moderately wounded.
Natasha wildly gestures.
Natasha shimmers violently.
Natasha mumbles some strange words.
Natasha closely misses you.
You hit Natasha.
Natasha is moderately wounded.
Natasha casts a spell.
The crimson imp misses you. Natasha barely misses you.
You completely miss Natasha.
Natasha is moderately wounded.
The crimson imp misses you. Natasha claws you.
The crimson imp hits you but does no damage.
Natasha casts a spell at you. The magic dart hits you.
You hit Natasha.
Natasha is severely wounded.
The crimson imp hits you. The crimson imp barely misses you.
Natasha stares at you and mumbles some strange words.
The magic dart hits you. The crimson imp barely misses you.
The crimson imp blinks!
You closely miss Natasha.
Natasha is severely wounded.
Natasha casts a spell.
The crimson imp hits you but does no damage.
The crimson imp barely misses you. Natasha casts a spell at you.
You feel as though you will be slow longer.
The crimson imp blinks!
The crimson imp hits you but does no damage.
You hit Natasha.
Natasha is almost dead.
Natasha claws you.
* * * LOW HITPOINT WARNING * * *
The crimson imp blinks! x2; Natasha claws you!
You die...

.. #. ##. #. ##
#.## ##### +..#
..... #..#####
..... #.5....###
..... #..§.5....
..... #.@h5..######
# #§.###.##...####
# #§.# # #......# #
#..###.##......####
#..................
#####
##.######..........
#...# #.###
#.......... #...#
#.#.####...###....
#...# #.........##
#....


You could see an iron imp (summoned), Natasha and 2 crimson imps.

Vanquished Creatures
  3 adders (D:2)
  2 dart slugs
  An orc (D:3)
  4 ball pythons
  6 bats
  4 endoplasms
  A giant cockroach (D:3)
  3 goblins
  7 hobgoblins
  A quokka (D:2)
  3 frilled lizards
  3 kobolds
  3 rats
41 creatures vanquished.

Notes
Turn   | Place    | Note
-------+----------+-------------------------------------------
     0 | D:1      | KittyFluff the Gargoyle Berserker began the quest for the
                  | Orb.
     0 | D:1      | Reached XP level 1. HP: 14/14 MP: 1/1
   199 | D:1      | Reached XP level 2. HP: 19/19 MP: 2/2
   733 | D:1      | Found a faded altar of an unknown god.
  1415 | D:2      | Reached XP level 3. HP: 23/23 MP: 3/3
  1754 | D:2      | Found Plog's General Store.
  1991 | D:2      | Reached XP level 4. HP: 29/29 MP: 4/4
  2153 | D:2      | Reached ** piety under Trog
  2826 | D:3      | Noticed Natasha
  2837 | D:3      | Slain by Natasha

Illustrated notes

Levels and vault maps discovered:
D:1:      minmay_arrival_jagged, layout_basic,
          dilly_ecumenical_altar_fadedgnrine
D:2:      layout_basic, serial_shops, nicolae_shop_crystal, kennysheep_potato
D:3:      layout_basic, kennysheep_minor_cross, minivault_27, uniq_ijyb,
          uniq_natasha

Skill      XL: |  1  2  3 |
---------------+----------+-----
Armour         | 3 |  3.3
Fighting       | |  3.7
Maces & Flails | |  3.7
Dodging        | |  1.9
Stealth        | |  0.2

Action                   |  1- 3 |  4- 6 || total
-------------------------+-------+-------++-------
Melee: Mace              |   104 |    43 ||   147
       Punch             |       |     1 ||     1
  Use: Scroll            |     2 |     2 ||     4
Armor: Leather armour    |    55 |    16 ||    71
       Animal skin       |     1 |       ||     1
Dodge: Dodged            |    67 |    26 ||    93
